 Dungeon Sprint DCSS version 0.17.0-24-gcfadda4 (webtiles) character file.

1185 Kidiri the Covert (level 8, 0/42 HPs)
             Began as a Spriggan Enchanter on Nov 17, 2015.
             Engulfed by a cloud of steam (9 damage)
             ... in the Dungeon (Sprint II: "The Violet Keep of Menkaure").
             The game lasted 00:07:08 (1095 turns).

Kidiri the Covert (Spriggan Enchanter)              Turns: 1095, Time: 00:07:08

Health: 0/42       AC:  3    Str:  4    XL:     8   Next: 19%
Magic:  1/22       EV: 27    Int: 17    God:
Gold:   172        SH:  0    Dex: 18    Spells: 9 memorised, 2 levels left

rFire  . . .     SeeInvis +     a - +1 dagger
rCold  . . .     Clarity  .     b - +1 robe
rNeg   . . .     SustAt   .     (shield restricted)
rPois  .         Gourm    .     (helmet restricted)
rElec  .         Spirit   .     (no cloak)
rCorr  .         Warding  .     (gloves unavailable)
rMut   .         NoTele   +     (boots unavailable)
MR     +....                    (no amulet)
Stlth  +++.......               (no ring)
                                (no ring)

@: very slightly contaminated, very quick, somewhat resistant to hostile
enchantments, fairly stealthy
A: unfitting armour, see invisible, herbivore 3, speed 3, slow metabolism 2
a: no special abilities


You were in the Dungeon.
You were not hungry.

You visited 1 branch You collected 972 gold pieces.
You spent 800 gold pieces at shops.

Inventory:

Hand Weapons
 a - a +1 dagger (weapon)
Armour
 b - a +1 robe (worn)
Scrolls
 j - a scroll of blinking
Potions
 g - a potion of haste
 i - a potion of berserk rage
Books
 c - a book of Maledictions

   Spells                             Type                      Level
   a - Corona                         Hexes                        1
   b - Ensorcelled Hibernation        Hexes/Ice                    2
   c - Confuse                        Hexes                        3
   d - Tukima's Dance                 Hexes                        3
   e - Dazzling Spray                 Conjuration/Hexes            3
 k - a book of Clouds

   Spells                             Type                      Level
   a - Mephitic Cloud                 Conjuration/Poison/Air       3
   b - Conjure Flame                  Conjuration/Fire             3
   c - Poisonous Cloud                Conjuration/Poison/Air       6
   d - Freezing Cloud                 Conjuration/Ice/Air          6
   e - Ring of Flames                 Charms/Fire                  7
 l - a book of Geomancy

   Spells                             Type                      Level
   a - Sandblast                      Earth                        1
   b - Stoneskin                      Transmutation/Earth          2
   c - Passwall                       Transmutation/Earth          3
   d - Stone Arrow                    Conjuration/Earth            3
   e - Petrify                        Transmutation/Earth          4
   f - Lee's Rapid Deconstruction     Earth                        5
Comestibles
 d - a bread ration
 f - a slice of pizza


   Skills:
 + Level 4.1 Fighting
 * Level 7.9 Short Blades
 + Level 3.6 Armour
 * Level 10.5 Dodging
 * Level 11.7 Stealth
 * Level 9.0 Spellcasting
 + Level 2.7 Conjurations
 + Level 7.1 Hexes
 + Level 2.1 Transmutations
 + Level 3.1 Ice Magic
 + Level 1.0 Air Magic
 + Level 1.5 Earth Magic
 + Level 1.5 Poison Magic


You had 2 spell levels left.
You knew the following spells:

 Your Spells              Type           Power        Failure   Level  Hunger
a - Corona                Hex            ####...      1%          1    None
b - Ensorcelled Hibernat  Hex/Ice        ####..       1%          2    None
c - Confuse               Hex            ####....     1%          3    None
d - Tukima's Dance        Hex            ####....     1%          3    None
e - Dazzling Spray        Conj/Hex       ###.....     4%          3    None
f - Stoneskin             Trmt/Erth      ##......     10%         2    None
g - Stone Arrow           Conj/Erth      ##....       14%         3    None
h - Passwall              Trmt/Erth      ##........   14%         3    None
i - Mephitic Cloud        Conj/Pois/Air  ##......     14%         3    None


Dungeon Overview and Level Annotations

Branches:
Dungeon (1/1)

Altars:
Elyvilon
Gozag
Kikubaaqudgha
Nemelex Xobeh
Okawaru
Ru
Sif Muna
Trog
Vehumet
Xom
Yredelemnul
Zin
The Shining One
Beogh
Jiyva
Lugonu

Shops:
D :=%:(*!}[=[:!%?%

Annotations:
D exclusion: oklob plant, Kirke


Innate Abilities, Weirdness & Mutations

You are tiny and cannot use many weapons and most armour.
You have supernaturally acute eyesight.
You are a herbivore.
You cover ground extremely quickly.
You need consume almost no food.


Message History

The polar bear claws you.
* * * LOW HITPOINT WARNING * * *
The polar bear closely misses you. The polar bear completely misses you.
The polar bear completely misses you. The polar bear claws you.
* * * LOW HITPOINT WARNING * * *
You strike the helpless polar bear from behind!
You impale the polar bear!!
You kill the polar bear!
Your Spellcasting skill increases to level 9!
Your Transmutations skill increases to level 2!
Your Ice Magic skill increases to level 3!
Your Air Magic skill increases to level 1!
You have reached level 8!
The yaktaur shouts!
The polar bear misses you. The polar bear completely misses you.
The polar bear claws you but does no damage.
You enter the shallow water.
Moving in this stuff is going to be slow.
You are engulfed in a cloud of scalding steam.
You die...

.##+##..# #. ##...##.####
+.### #.##..#....# ...####
##.######..## #..##c# ###'#
#.##..# +..#hy#
.##.###..#..# #..#..#
#'.<.'.##'.§####.h##.# (
.##)###..#....###.^.##▓▓▓▓
###'###.##.....§@†≈≈c≈≈≈≈≈≈
##...####≈≈.....≈#+########
#..#..#≈≈≈≈≈≈≈..≈#_._.....#
##...##≈≈≈≈§≈≈≈§≈#._._....#
≈##'##≈≈≈≈≈§≈§≈≈§#_._._...#
≈≈≈≈≈≈≈≈≈≈≈§≈§§≈≈#._._._..#
+++#+++#≈≈≈§§≈≈≈≈#_._._.⌠.#
§§§§ ##§≈§###≈≈#._._._..
§§≈§§;


You could see a polar bear and a yaktaur (blind).

Vanquished Creatures
  A siren (D)
  2 polar bears (D)
  A vampire mosquito (D)
  2 crocodiles (D)
  4 brain worms (D)
  4 worker ants (D)
  3 worms (D)
17 creatures vanquished.

Vanquished Creatures (others)
  Menkaure (D)
1 creature vanquished.

Grand Total: 18 creatures vanquished

Notes
Turn   | Place    | Note
--------------------------------------------------------------
     0 | D        | Kidiri the Spriggan Enchanter began the quest for the Orb.
     0 | D        | Reached XP level 1. HP: 9/9 MP: 5/5
     1 | D        | Noticed a brain worm
    78 | D        | Killed Menkaure
   169 | D        | Noticed a brain worm
   185 | D        | Killed a brain worm
   185 | D        | Reached skill level 1 in Fighting
   185 | D        | Reached skill level 1 in Armour
   185 | D        | Reached skill level 5 in Dodging
   185 | D        | Reached skill level 6 in Stealth
   185 | D        | Reached XP level 2. HP: 10/15 MP: 6/8
   185 | D        | Reached XP level 3. HP: 12/18 MP: 6/9
   202 | D        | Killed a brain worm
   202 | D        | Reached skill level 7 in Stealth
   202 | D        | Reached skill level 5 in Spellcasting
   202 | D        | Reached skill level 5 in Hexes
   202 | D        | Reached XP level 4. HP: 12/23 MP: 6/12
   209 | D        | Learned a level 3 spell: Confuse
   212 | D        | Learned a level 2 spell: Ensorcelled Hibernation
   216 | D        | Learned a level 3 spell: Dazzling Spray
   220 | D        | Learned a level 3 spell: Tukima's Dance
   359 | D        | Noticed a brain worm
   359 | D        | Noticed a brain worm
   361 | D        | Killed a brain worm
   361 | D        | Reached skill level 5 in Short Blades
   361 | D        | Reached skill level 8 in Stealth
   361 | D        | Reached skill level 1 in Ice Magic
   361 | D        | Reached XP level 5. HP: 27/27 MP: 12/14
   378 | D        | Killed a brain worm
   378 | D        | Reached skill level 9 in Stealth
   378 | D        | Reached skill level 1 in Conjurations
   378 | D        | Reached XP level 6. HP: 26/32 MP: 8/16
   572 | D        | Noticed a siren
   603 | D        | Killed a siren
   603 | D        | Reached skill level 10 in Stealth
   673 | D        | Noticed a worker ant
   673 | D        | Noticed a worker ant
   675 | D        | Noticed a worker ant
   675 | D        | Noticed a worker ant
   676 | D        | Killed a worker ant
   678 | D        | Killed a worker ant
   684 | D        | Killed a worker ant
   684 | D        | Reached XP level 7. HP: 36/36 MP: 19/19
   686 | D        | Killed a worker ant
   706 | D        | Noticed an ice statue
   708 | D        | Noticed a crocodile
   709 | D        | Noticed Kirke
   709 | D        | Noticed a kobold demonologist
   709 | D        | Noticed a yaktaur captain
   710 | D        | Killed a crocodile
   726 | D        | Noticed an electric eel
   726 | D        | Noticed an electric eel
   726 | D        | Noticed an electric eel
   727 | D        | Noticed an electric eel
   727 | D        | Noticed an electric eel
   728 | D        | Noticed an electric eel
   729 | D        | Found Asyossoca's Food Shop.
   730 | D        | Found Ruvuwk's Magic Scroll Boutique.
   731 | D        | Found Deasureh's Distillery.
   731 | D        | Found Emuprouf's Book Shop.
   732 | D        | Found Fubror's Jewellery Shop.
   732 | D        | Found Ytoak's Antique Armour Boutique.
   733 | D        | Noticed a vampire mosquito
   745 | D        | Killed a vampire mosquito
   745 | D        | Reached skill level 10 in Dodging
   745 | D        | Reached skill level 11 in Stealth
   930 | D        | Found Piosiddonk's General Store.
   930 | D        | Found Vuxon's Antique Weapon Shop.
   932 | D        | Found Ashraargh's Gadget Shop.
   933 | D        | Found Lyraewnaf's Food Shop.
   933 | D        | Found Curu Loude's Jewellery Boutique.
   933 | D        | Found Goceos's Antique Armour Shop.
   933 | D        | Found Fecoul's Book Boutique.
   933 | D        | Noticed a shining eye
   934 | D        | Found Mola's Food Shop.
   934 | D        | Found Haiseby's Distillery.
   936 | D        | Noticed a shining eye
   936 | D        | Noticed a shining eye
   936 | D        | Noticed an oklob plant
   937 | D        | Found Ugaptinu's Book Shoppe.
   938 | D        | Noticed a yak
   938 | D        | Noticed a yak
   939 | D        | Noticed a yak
   943 | D        | Noticed a hippogriff
   943 | D        | Noticed a hippogriff
   958 | D        | Bought a book of Clouds for 450 gold pieces
   958 | D        | Bought a book of Geomancy for 350 gold pieces
   961 | D        | Learned a level 2 spell: Stoneskin
   965 | D        | Learned a level 3 spell: Stone Arrow
   969 | D        | Learned a level 3 spell: Passwall
   973 | D        | Learned a level 3 spell: Mephitic Cloud
  1021 | D        | Found a deep blue altar of Sif Muna.
  1021 | D        | Found an iron altar of Okawaru.
  1021 | D        | Found a sacrificial altar of Ru.
  1023 | D        | Found a bloodstained altar of Trog.
  1023 | D        | Found a white marble altar of Elyvilon.
  1024 | D        | Found a glowing golden altar of the Shining One.
  1024 | D        | Found a corrupted altar of Lugonu.
  1024 | D        | Found a glowing silver altar of Zin.
  1025 | D        | Found a radiant altar of Vehumet.
  1025 | D        | Found a shimmering altar of Xom.
  1025 | D        | Found an ancient bone altar of Kikubaaqudgha.
  1025 | D        | Found a basalt altar of Yredelemnul.
  1026 | D        | Found a viscous altar of Jiyva.
  1026 | D        | Found an opulent altar of Gozag.
  1027 | D        | Found a roughly hewn altar of Beogh.
  1027 | D        | Found a sparkling altar of Nemelex Xobeh.
  1030 | D        | Noticed a yaktaur
  1030 | D        | Noticed a wasp
  1030 | D        | Noticed a polar bear
  1031 | D        | Noticed a polar bear
  1031 | D        | Noticed a polar bear
  1033 | D        | Noticed a crocodile
  1040 | D        | Killed a crocodile
  1043 | D        | Killed a polar bear
  1043 | D        | Reached skill level 1 in Transmutations
  1043 | D        | Reached skill level 1 in Earth Magic
  1043 | D        | Reached skill level 1 in Poison Magic
  1094 | D        | Killed a polar bear
  1094 | D        | Reached skill level 1 in Air Magic
  1094 | D        | Reached XP level 8. HP: 9/42 MP: 1/22
  1095 | D        | Engulfed by a cloud of steam

Action                   |  1- 3 |  4- 6 |  7- 9 || total
-------------------------+-------+-------+-------++-------
Melee: Dagger            |    23 |    36 |    19 ||    78
 Cast: Corona            |     2 |     1 |       ||     3
       Ensorcelled Hiber |       |     6 |     2 ||     8
       Confuse           |       |     3 |     6 ||     9
       Tukima's Dance    |       |     3 |       ||     3
       Dazzling Spray    |       |       |    10 ||    10
       Stone Arrow       |       |       |     1 ||     1
  Use: Potion            |       |     2 |     2 ||     4
 Stab: Sleeping          |       |     7 |     2 ||     9
       Invisible         |       |       |     4 ||     4
       Confused          |       |       |     1 ||     1
